 Seeded DCSS version 0.30.1-9-gdf580d7c3d (webtiles) character file.

Game seed: 7229806256980976716 (custom seed)

7 Psyclone the Stinger (level 2, 17/17 HPs)
             Began as an Octopode Venom Mage on Oct 3, 2023.
             Quit the game on level 3 of the Dungeon.
             The game lasted 00:01:44 (623 turns).

Psyclone the Stinger (Octopode Venom Mage)           Turns: 623, Time: 00:01:45

Health: 17/17      AC:  4    Str:  7    XL:     2   Next: 4%
Magic:  5/5        EV: 13    Int: 17    God:
Gold:   27         SH:  0    Dex: 12    Spells: 3/6 levels left

rFire   + . .        c - +3 Elemental Staff {rElec rF+ rC+ AC+3}
rCold   + . .        (no shield)
rNeg    . . .        (helmet restricted)
rPois   .            (no amulet)
rElec   +            (no ring)
rCorr   .            (no ring)
SInv    .            (no ring)
Will    .....        (no ring)
Stlth   +++          (no ring)
HPRegen 0.22/turn    (no ring)
MPRegen 0.09/turn    (no ring)
                     (no ring)

%: no passive effects
@: no status effects
A: almost no armour, amphibious, 8 rings, camouflage 1, gelatinous body 1,
(nimble swimmer 1), tentacles, tentacle spike 1, screaming 1
a: no special abilities


You were on level 3 of the Dungeon.
You visited 1 branch of the dungeon, and saw 3 of its levels.

You collected 27 gold pieces.

Inventory:

Hand Weapons
 c - the +3 Elemental Staff (weapon) {rElec rF+ rC+ AC+3}
   (You acquired it on level 1 of the Dungeon)

   It enhances your fire, ice, earth and air magic.
   AC:        It affects your AC (+3).
   rF:        It protects you from fire.
   rC:        It protects you from cold.
   rElec:     It insulates you from electricity.
Jewellery
 d - the ring "Yjoxom" {Contam rPois rC++ MP+9 Int+8 Dex-4}
   (You acquired it on level 1 of the Dungeon)

   [ring of magical power]

   Int:       It affects your intelligence (+8).
   Dex:       It affects your dexterity (-4).
   rC:        It greatly protects you from cold.
   rPois:     It protects you from poison.
   MP:        It affects your magic capacity (+9).
   Contam:    It causes magical contamination when unequipped.
 e - the ring of the Mage {Wiz Archmagi}
   (You acquired it on level 1 of the Dungeon)

   [ring of wizardry]

   It improves your spell success rate.
   Archmagi:  It increases the power of your magical spells.
Scrolls
 b - 2 scrolls of amnesia {unknown}
Potions
 a - a potion of magic


   Skills:
 - Level 2.0 Dodging
 - Level 2.6 Stealth
 + Level 2.6 Spellcasting
 - Level 1.0 Transmutations
 - Level 3.6 Poison Magic


You had 3 spell levels left.
You knew the following spells:

 Your Spells              Type           Power      Damage    Failure   Level
a - Sting                 Tmut/Pois      40%        1d5       7%          1
v - Poisonous Vapours     Pois/Air       24%        N/A       13%         2

Your spell library contained the following spells:

 Spells                   Type           Power      Damage    Failure   Level
 Cigotuvi's Dreadful Rot  Necr/Pois/Air  18%        N/A       17%         2
 Mephitic Cloud           Conj/Pois/Air  9%         N/A       32%         3
 Olgreb's Toxic Radiance  Pois           14%        N/A       38%         4
 Dispel Undead            Necr           2%         3d7       88%         4
 Death Channel            Necr           1%         N/A       100%        6


Dungeon Overview and Level Annotations

Branches:
Dungeon (3/15) Zot: 17376

Altars:


Innate Abilities, Weirdness & Mutations

You cannot wear most types of armour.
You are amphibious.
You can wear up to eight rings at the same time.
Your skin changes colour to match your surroundings (Stealth+).
Your rubbery body absorbs attacks. (AC +1, EV +1)
((You are camouflaged when in or above water. (Stealth+)))
You have tentacles for arms and can constrict up to eight enemies at once.
One of your tentacles bears a spike.
You occasionally shout uncontrollably at your foes.


Message History

The giant cockroach closely misses you.
The rat twitches its whiskers.
You hit the giant cockroach. You grab the giant cockroach.
You squeeze the giant cockroach.
You kill the giant cockroach!
You have reached level 2!
You regained 3 hp, and now have 8/17 hp.
You hit the rat. You grab the rat. You squeeze the rat, but do no damage.
The rat is moderately wounded.
You constrict the rat. The rat bites you.
* * * LOW HITPOINT WARNING * * *
You take 3 damage, and have 5/17 hp.
You hit the rat.
You kill the rat!
Things that are here:
a rat corpse; a giant cockroach corpse; a worm corpse You start resting.
Magic restored.
You regained 10 hp, and now have 16/17 hp.
MP restored: 5 You start resting.
HP restored.
Health restored: 17 Memorise Poisonous Vapours, consuming 2 spell levels and leaving 3?
You start memorising the spell.
You continue memorising. x2
You finish memorising.
Spell assigned to 'v'.
A bat comes into view.
Found a pair of gloves and a potion of mutation.
You see here a +0 pair of gloves.
You see here a potion of mutation.
f - a potion of mutation Really quaff the potion of mutation?
You feel extremely strange.
You feel stupid.
You no longer become unable to read scrolls after taking damage.
You feel stupid.
You feel the urge to shout.
One of your lower tentacles grows a sharp spike.
Unknown command.
Unknown command.
Are you sure you want to abandon this character and quit the game? (Confirm with "yes".)

#.# #.## #.# #..### #.# #.#
##...## #.# #.# ###..# #.# #.#
##.# #.# #.# #.# #.# #.#
#.###.# #......$...# #.#
#..##.# ##.....$..... #.#
##.##@# #............ #.#
#.##.# #............ #.# #..#[#
#............ #.# ##...# #.....
.....
#.#################.#.#######..
#...........†(.................
##################..###########
#..# # #.##


There were no monsters in sight!

Vanquished Creatures
  A worm (D:3)
  A giant cockroach (D:3)
  A jackal (D:3)
  A frilled lizard (D:1)
  A rat (D:3)
5 creatures vanquished.

Notes
Turn   | Place    | Note
-------+----------+-------------------------------------------
     0 | D:1      | Psyclone the Octopode Venom Mage began the quest for the
                  | Orb.
     0 | D:1      | Reached XP level 1. HP: 11/11 MP: 3/3
    80 | D:1      | Identified 3 scrolls of acquirement
    80 | D:1      | Acquired the ring of the Mage {Wiz Archmagi}
    80 | D:1      | Found the ring of the Mage {Wiz Archmagi}
    86 | D:1      | Acquired the ring "Yjoxom" {Contam rPois rC++ MP+9 Int+8
                  | Dex-4}
   207 | D:1      | Acquired the +3 Elemental Staff {rElec rF+ rC+ AC+3}
   207 | D:1      | Found the +3 Elemental Staff {rElec rF+ rC+ AC+3}
   398 | D:1      | Gained mutation: You occasionally lose the ability to read
                  | scrolls when taking damage. [potion of mutation]
   398 | D:1      | Gained mutation: Your mind is acute. (Int +4, Str/Dex -1)
                  | [potion of mutation]
   398 | D:1      | Gained mutation: Your mind is very acute. (Int +8, Str/Dex
                  | -2) [potion of mutation]
   445 | D:2      | Noticed a jelly
   521 | D:3      | Reached XP level 2. HP: 8/17 MP: 0/5
   584 | D:3      | Learned a level 2 spell: Poisonous Vapours
   622 | D:3      | Lost mutation: Your mind is very acute. (Int +8, Str/Dex
                  | -2) [potion of mutation]
   622 | D:3      | Lost mutation: You occasionally lose the ability to read
                  | scrolls when taking damage. [potion of mutation]
   622 | D:3      | Lost mutation: Your mind is acute. (Int +4, Str/Dex -1)
                  | [potion of mutation]
   622 | D:3      | Gained mutation: You occasionally shout uncontrollably at
                  | your foes. [potion of mutation]
   622 | D:3      | Gained mutation: One of your tentacles bears a spike.
                  | [potion of mutation]
   623 | D:3      | Quit the game

Illustrated notes

Levels and vault maps discovered:
D:1:      spicycebolla_arrival_ecumenical, layout_loops_ring
D:2:      layout_basic
D:3:      layout_rooms, mainiacjoe_overflow_paths, gammafunk_ghost_necromancy

Action                     || total
---------------------------++-------
  Melee: Staff             ||     8
         Constrict         ||     4
         Tentacles         ||     3
         Punch             ||     1
   Cast: Sting             ||     4
    Use: Scroll            ||     3
         Potion            ||     2
 Armour: Skin              ||     4
  Dodge: Dodged            ||    12
